 Dungeon Crawl Stone Soup version 0.31-a0-435-g2c6fae2916 (webtiles) character file.

Game seed: 13574409005225029822

172 Maxmaps the Sneak (level 5, 0/54 HPs)
             Began as an Octopode Shapeshifter on Aug 1, 2023.
             Succumbed to Edmund's poison
             ... on level 4 of the Dungeon.
             The game lasted 00:01:57 (2540 turns).

Maxmaps the Sneak (Octopode Shapeshifter)           Turns: 2540, Time: 00:01:57

Health: 0/54       AC: 22    Str: 14    XL:     5   Next: 53%
Magic:  5/5        EV:  2    Int: 13    God:
Gold:   184        SH:  0    Dex: 12    Spells: 4/4 levels left

rFire   . .          .
                       - Unarmed
rCold   . . .        (no shield)
rNeg    . . .        (helmet currently unavailable)
rPois   +            (no amulet)
rElec   .            (no ring)
rCorr   .            (no ring)
SInv    .            (no ring)
Will    .....        (no ring)
Stlth   +++          (no ring)
HPRegen 0.29/turn    (no ring)
MPRegen 0.09/turn    (no ring)
                     (no ring)

%: no passive effects
@: lethally poisoned (0 -> -10), tree-form
A: stationary, stasis, torment immunity, boosted hp, almost no armour,
(amphibious), 8 rings, (camouflage 1), (gelatinous body 1), (nimble swimmer 1),
(tentacles)
a: no special abilities


You were on level 4 of the Dungeon.
You were a tree.
You visited 1 branch of the dungeon, and saw 4 of its levels.

You collected 184 gold pieces.

Inventory:

Jewellery
 g - a ring of fire
Talismans
 b - a beast talisman
Scrolls
 c - 3 scrolls of vulnerability {unknown}
 d - 2 scrolls of identify {unknown}
 e - 2 scrolls of fear {unknown}
 i - a scroll of poison {unknown}
 j - a scroll of noise {unknown}
Potions
 a - a potion of lignification
 f - 3 potions of mutation {unknown}
 h - a potion of degeneration {unknown}


   Skills:
 + Level 2.9 Fighting
 - Level 2.0 Dodging
 - Level 6.0 Stealth
 - Level 3.0 Unarmed Combat
 - Level 3.0 Shapeshifting


You had 4 spell levels left.
You didn't know any spells.
Your spell library contained the following spells:

 Spells                   Type           Power      Damage    Failure   Level
 Magic Dart               Conj           0%         1d3       30%         1
 Sting                    Tmut/Pois      0%         1d3       30%         1
 Call Imp                 Summ           0%         N/A       43%         2
 Poisonous Vapours        Pois/Air       0%         N/A       43%         2
 Mephitic Cloud           Conj/Pois/Air  0%         N/A       67%         3
 Olgreb's Toxic Radiance  Pois           0%         N/A       97%         4


Dungeon Overview and Level Annotations

Branches:
Dungeon (4/15)
 Temple: D:4-7

Altars:
Makhleb
Vehumet

Annotations:
D:4 Edmund


Innate Abilities, Weirdness & Mutations

You are a tree.
Your roots penetrate the ground, keeping you stationary.
You cannot be teleported.
You are immune to unholy pain and torment.
Your maximum health is greatly increased.
You cannot wear most types of armour.
((You are amphibious.))
You can wear up to eight rings at the same time.
((Your skin changes colour to match your surroundings (Stealth+).))
((Your rubbery body absorbs attacks. (AC +1, EV +1)))
((You are camouflaged when in or above water. (Stealth+)))
((You have tentacles for arms and can constrict up to eight enemies at once.))


Message History

You tentacle-slap Edmund. You grab Edmund.
Edmund is moderately wounded.
You constrict Edmund. Edmund barely misses you.
You tentacle-slap Edmund but do no damage.
You squeeze Edmund.
Edmund is moderately wounded.
You constrict Edmund, but do no damage. Edmund misses you.
You barely miss Edmund. You squeeze Edmund, but do no damage.
Edmund is moderately wounded.
You constrict Edmund, but do no damage.
Edmund hits you with a +0 dire flail of venom!
You are poisoned.
You are too injured to fight recklessly!
You are too injured to fight recklessly!
You are too injured to fight recklessly!
You are too injured to fight recklessly!
You are too injured to fight recklessly!
You are too injured to fight recklessly!
You are too injured to fight recklessly!
Unknown command.
Really quaff the potion of lignification?
Your transformation has ended.
You turn into a tree.
Your roots penetrate the ground.
You lose your grip on Edmund.
You feel very sick.
Edmund hits you with a +0 dire flail of venom.
* * * LOW HITPOINT WARNING * * *
You barely miss Edmund.
Edmund is moderately wounded.
You feel sick. Edmund hits you but does no damage.
You are lethally poisoned!
You hit Edmund.
Edmund is heavily wounded.
* * * LOW HITPOINT WARNING * * *
You feel very sick.
Edmund hits you with a +0 dire flail of venom!
* * * LOW HITPOINT WARNING * * *
You hit Edmund.
Edmund is heavily wounded.
You die...

#......... #.######## #
#.# .# #.# #.# #.####
#..# #.#####
#.+...#+#...# .
#.#...###.##....[...#+
..#<#.).....# #.@......#
..#.#...###.# #.♣.......
............# +#........
............# #..^......
............###...!....#
..#..<..###.##........#+
#####...# #.'...#+#...#
#...# #.##### #(.# ###.#
#.# #.# #.###.# .#


You could see Edmund.

Vanquished Creatures
  An orc priest (D:3)
  An orc wizard (D:3)
  3 adders (D:2)
  5 worms
  4 dart slugs
  5 orcs (D:3)
  9 endoplasms
  3 giant cockroaches
  5 goblins
  2 hobgoblins (D:3)
  2 jackals (D:2)
  7 kobolds
  2 quokkas (D:1)
  5 ball pythons
  A bat (D:3)
  8 rats
63 creatures vanquished.

Notes
Turn   | Place    | Note
-------+----------+-------------------------------------------
     0 | D:1      | Maxmaps the Octopode Shapeshifter began the quest for the
                  | Orb.
     0 | D:1      | Reached XP level 1. HP: 13/13 MP: 1/1
    62 | D:1      | Reached skill level 1 in Stealth
   196 | D:1      | Reached skill level 2 in Stealth
   365 | D:1      | Reached XP level 2. HP: 18/18 MP: 2/2
   461 | D:1      | Reached skill level 3 in Stealth
   665 | D:1      | Reached XP level 3. HP: 23/23 MP: 3/3
   874 | D:2      | Reached skill level 4 in Stealth
  1026 | D:2      | Reached skill level 5 in Stealth
  1156 | D:2      | Reached XP level 4. HP: 17/28 MP: 4/4
  1626 | D:3      | Found a radiant altar of Vehumet.
  1919 | D:3      | Reached skill level 6 in Stealth
  1930 | D:3      | Found a burning altar of Makhleb.
  1964 | D:3      | Reached XP level 5. HP: 27/34 MP: 5/5
  2527 | D:4      | Noticed Edmund
  2539 | D:4      | HP: 2/54 [Edmund/+0 dire flail of venom (8)]
  2540 | D:4      | Succumbed to Edmund's poison

Illustrated notes

Levels and vault maps discovered:
D:1:      ldierk_walled_garden_2, layout_basic,
          nicolae_concentric_dashed_squares_mild, minmay_pentomino_o4
D:2:      layout_rooms, minivault_26
D:3:      layout_loops_ring, mainiacjoe_overflow_cross_hatched,
          lemuel_crystal_altar, minmay_misc_feat_roman
D:4:      layout_loops_ring, lemuel_tele_altar, serial_shops, shop_fountains,
          minmay_pentangle, uniq_pikel, uniq_edmund, uniq_sigmund, uniq_ijyb

Skill      XL: |  1  2  3  4 |
---------------+-------------+-----
Stealth        | 2 3 5 6 |  6.0
Fighting       | 2 |  2.9
Dodging        | |  2.0
Unarmed Combat | |  3.0
Shapeshifting  | |  3.0

Action                     |  1- 3 |  4- 6 || total
---------------------------+-------+-------++-------
  Melee: Unarmed           |    56 |    72 ||   128
         Constrict         |    18 |    20 ||    38
         Tentacles         |    10 |    18 ||    28
         Punch             |     4 |     3 ||     7
    Use: Potion            |       |     1 ||     1
   Stab: Sleeping          |     8 |    10 ||    18
         Distracted        |       |     1 ||     1
 Armour: Skin              |     5 |     2 ||     7
  Dodge: Dodged            |    24 |    25 ||    49

Table legend: (Time is in decaauts)
 A = Elapsed time spent in this place.
 B = Non-inter-level travel time spent in this place.
 C = Inter-level travel time spent in this place.
 D = Time resting spent in this place.
 E = Time spent auto-exploring this place.
 F = Levels seen in this place.
 G = Mean time per level.
                   A        B        C        D        E       F      G
               +--------+--------+--------+--------+--------+-----+--------+
         Total |   2532 |   2470 |     62 |    318 |   1785 |   4 |  633.0 |
       Dungeon |   2532 |   2470 |     62 |    318 |   1785 |   4 |  633.0 |
               +--------+--------+--------+--------+--------+-----+--------+

Top non-repeatable levels by time:
     D:3: 914 daAuts
     D:1: 864 daAuts
     D:2: 688 daAuts
     D:4: 64 daAuts
